 Dungeon Crawl Stone Soup version 0.21.1-1-g345015f (webtiles) character file.

20057 kae the Martial Artist (level 12, -6/92 HPs)
             Began as a Gnoll Transmuter on May 31, 2018.
             Was the Champion of Okawaru.
             Mangled by a komodo dragon (8 damage)
             ... on level 1 of the Lair of Beasts.
             The game lasted 00:15:26 (15023 turns).

kae the Martial Artist (Gnoll Transmuter)          Turns: 15023, Time: 00:15:27

Health: -6/92      AC:  9    Str: 15    XL:     12   Next: 75%
Magic:  0/25       EV: 25    Int: 16    God:    Okawaru [******]
Gold:   599        SH:  0    Dex: 21    Spells: 14/29 levels left

rFire    . . .     SeeInvis +     - Unarmed
rCold    + . .     Gourm    .   (shield currently unavailable)
rNeg     . . .     Faith    .   w - +2 robe
rPois    .         Spirit   +   N - +1 helmet {SInv}
rElec    .         Reflect  .   (no cloak)
rCorr    .         Harm     .   (gloves currently unavailable)
MR       .....                  h - +0 pair of boots
Stlth    ++++++....             q - amulet of guardian spirit
HPRegen  0.25/turn              B - +3 ring of dexterity
MPRegen  0.19/turn              y - ring of protection from cold

@: blade hands, heroism, very slightly contaminated
A: distributed training, fangs 1, strong nose
a: End Transformation, Heroism, Finesse, Renounce Religion


You were on level 1 of the Lair of Beasts.
You worshipped Okawaru.
Okawaru was exalted by your worship.
You were not hungry.
You had blades for hands.
You visited 3 branches of the dungeon, and saw 13 of its levels.

You collected 638 gold pieces.
You spent 39 gold pieces at shops.

Inventory:

Missiles
 a - 131 arrows
Armour
 h - a +0 pair of boots (worn)
 w - a +2 robe (worn)
 I - a +0 hat
 N - a +1 helmet of see invisible (worn)
Jewellery
 e - an uncursed amulet of harm
 g - an uncursed ring of see invisible
 l - an uncursed ring of protection from fire
 q - an amulet of guardian spirit (around neck)
 y - a ring of protection from cold (right scythe-like blade)
 B - a +3 ring of dexterity (left scythe-like blade)
 H - an uncursed ring of ice {unknown}
 O - an uncursed ring of wizardry {unknown}
 P - an uncursed ring of stealth {unknown}
 Q - an uncursed ring of positive energy {unknown}
Wands
 m - a wand of polymorph (39)
 z - a wand of random effects (30)
 M - a wand of digging (16)
Scrolls
 b - 2 scrolls of enchant weapon {unknown}
 f - 6 scrolls of remove curse
 i - 4 scrolls of teleportation
 k - 2 scrolls of enchant armour
 o - 5 scrolls of amnesia
 r - 2 scrolls of blinking
 t - 3 scrolls of fog
 F - a scroll of magic mapping
 G - 4 scrolls of identify
Potions
 j - 2 potions of degeneration
 n - a potion of flight {unknown}
 p - 5 potions of heal wounds
 s - 3 potions of haste
 u - 2 potions of curing
 v - 2 potions of ambrosia
 x - a potion of berserk rage
 A - a potion of might
 C - 2 potions of agility {unknown}
 D - a potion of cancellation {unknown}
 E - 3 potions of lignification
 L - 3 potions of invisibility {unknown}
 R - a potion of resistance {unknown}
Books
 c - a book of Changes

   Spells                             Type                      Level
   a - Beastly Appendage              Transmutation                1
   b - Sticks to Snakes               Transmutation                2
   c - Spider Form                    Transmutation/Poison         3
   d - Ice Form                       Ice/Transmutation            4
   e - Blade Hands                    Transmutation                5
 J - a book of Frost

   Spells                             Type                      Level
   a - Freeze                         Ice                          1
   b - Throw Frost                    Conjuration/Ice              2
   c - Ozocubu's Armour               Charms/Ice                   3
   d - Throw Icicle                   Conjuration/Ice              4
   e - Summon Ice Beast               Ice/Summoning                4
 K - a book of Necromancy

   Spells                             Type                      Level
   a - Pain                           Necromancy                   1
   b - Animate Skeleton               Necromancy                   1
   c - Vampiric Draining              Necromancy                   3
   d - Regeneration                   Charms/Necromancy            3
   e - Animate Dead                   Necromancy                   4
   f - Borgnjor's Vile Clutch         Necromancy/Earth             5
 T - a book of Minor Magic

   Spells                             Type                      Level
   a - Magic Dart                     Conjuration                  1
   b - Blink                          Translocation                2
   c - Call Imp                       Summoning                    2
   d - Slow                           Hexes                        2
   e - Conjure Flame                  Conjuration/Fire             3
   f - Mephitic Cloud                 Conjuration/Poison/Air       3
Comestibles
 d - 19 rations
 S - a chunk of flesh


   Skills:
 + Level 7.9(12.9) Fighting
 + Level 7.4(12.4) Short Blades
 + Level 7.4(12.4) Long Blades
 + Level 7.4(12.4) Axes
 + Level 7.4(12.4) Maces & Flails
 + Level 7.4(12.4) Polearms
 + Level 7.4(12.4) Staves
 + Level 7.4(12.4) Slings
 + Level 7.4(12.4) Bows
 + Level 7.4(12.4) Crossbows
 + Level 7.4(12.4) Throwing
 + Level 7.4(12.4) Armour
 + Level 8.8(13.8) Dodging
 + Level 7.4(12.4) Stealth
 + Level 7.4(12.4) Shields
 + Level 9.9(14.9) Unarmed Combat
 + Level 9.1 Spellcasting
 + Level 6.2 Conjurations
 + Level 6.2 Hexes
 + Level 6.2 Charms
 + Level 6.2 Summonings
 + Level 6.2 Necromancy
 + Level 6.2 Translocations
 + Level 7.3 Transmutations
 + Level 6.2 Fire Magic
 + Level 6.2 Ice Magic
 + Level 6.2 Air Magic
 + Level 6.2 Earth Magic
 + Level 6.2 Poison Magic
 + Level 8.2 Invocations
 + Level 7.4 Evocations


You had 14 spell levels left.
You knew the following spells:

 Your Spells              Type           Power        Failure   Level  Hunger
a - Beastly Appendage     Tmut           ####..       12%         1    None
b - Sticks to Snakes      Tmut           ####....     13%         2    None
c - Spider Form           Tmut/Pois      ####......   21%         3    #......
d - Blade Hands           Tmut           ####......   52%         5    #####..
e - Ice Form              Ice/Tmut       ####....     36%         4    ###....


Dungeon Overview and Level Annotations

Branches:
Dungeon (11/15)            Temple (1/1) D:7            Lair (1/6) D:9
    Orc (0/2) D:10

Altars:
Ashenzari
Cheibriados
Dithmenos
Elyvilon
Fedhas
Gozag
Hepliaklqana
Kikubaaqudgha
Makhleb
Nemelex Xobeh
Okawaru
Qazlal
Ru
Sif Muna
Trog
Uskayaw
Vehumet
Wu Jian
Xom
Yredelemnul
Zin
The Shining One

Shops:
D:10 !*[

Annotations:
D:5 kae's ghost, novice HOFi
D:6 empire's ghost, novice MiFi
D:7 1 runed door
D:9 1 runed door


Innate Abilities, Weirdness & Mutations

Your experience applies equally to all skills.
You have very sharp teeth.
Your uncanny sense of smell can sniff out nearby items.


Message History

The komodo dragon is lightly wounded.
You slice the komodo dragon!!
The komodo dragon is severely wounded.
The komodo dragon misses you.
The komodo dragon hisses menacingly.
You shred the komodo dragon!!!
You kill the komodo dragon!
Okawaru accepts your kill.
You slash the komodo dragon!
You bite the komodo dragon, but do no damage.
The komodo dragon is severely wounded.
You barely miss the komodo dragon. You slash the komodo dragon!
You bite the komodo dragon, but do no damage.
The komodo dragon is moderately wounded.
You slash the komodo dragon!
The komodo dragon is severely wounded.
The komodo dragon bites you!!
* * * LOW HITPOINT WARNING * * *
The komodo dragon bites you!
You die...

..#..#+#...#...##
................# ### .#
................###.#####.#
............P.............##
...........................#
.............#####........#
........#P.#####.##.......#
........####......#.......##
.........##....l@##........#
..............##l##.P..†..##
..........##.###.?#.......#
........#..### ..##.......#
........#..P# [$.##........#
........##..######.#P......#
........##.##..#..........##
.........###..............#
..........................#


You could see 2 komodo dragons.

Vanquished Creatures
  Gastronok (D:9)
  Snorg (D:11)
  A hydra (D:7)
  2 two-headed ogres
  Erica (D:8)
  An ugly thing (D:11)
  4 spiny frogs (Lair:1)
  3 komodo dragons (Lair:1)
  A troll (D:9)
  A hornet (D:7)
  A slime creature (D:7)
  2 hippogriffs
  A shadow (D:11)
  14 yaks
  A basilisk (D:11)
  10 water moccasins
  4 porcupines (Lair:1)
  3 orc warriors
  6 ice beasts
  2 sky beasts
  A necrophage (D:9)
  A black bear (D:7)
  An eye of draining (D:10)
  13 ogres
  2 phantoms
  4 centaurs
  6 wolves (Lair:1)
  2 crocodiles (Lair:1)
  2 big kobolds
  8 bullfrogs
  A water moccasin skeleton (D:10)
  A wyvern skeleton (D:8)
  4 scorpions
  11 killer bees
  4 wights (D:8)
  4 howler monkeys
  4 crimson imps
  2 bullfrog zombies
  3 centaur zombies
  2 quasits
  3 centaur skeletons
  2 gnoll shamans
  6 hounds
  6 orc priests
  12 orc wizards
  9 iguanas
  11 worker ants
  2 hound skeletons
  A worker ant zombie (D:8)
  16 gnolls
  A howler monkey skeleton (D:6)
  13 adders
  5 shadow imps
  An ooze (D:3)
  2 adder skeletons
  An adder zombie (D:5)
  3 worms
  2 dart slugs (D:2)
  5 leopard geckos
  50 orcs
  7 giant cockroaches
  8 goblins
  6 hobgoblins
  8 jackals
  3 quokkas
  A ball python (D:2)
  7 bats
  7 frilled lizards
  A jackal skeleton (D:4)
  17 kobolds
  A leopard gecko skeleton (D:7)
  A leopard gecko zombie (D:5)
  8 rats
362 creatures vanquished.

Vanquished Creatures (collateral kills)
  An orc (D:3)
1 creature vanquished.

Grand Total: 363 creatures vanquished

Notes
Turn   | Place    | Note
-------+----------+-------------------------------------------
     0 | D:1      | kae the Gnoll Transmuter began the quest for the Orb.
     0 | D:1      | Reached XP level 1. HP: 17/17 MP: 6/6
   185 | D:1      | Reached XP level 2. HP: 21/23 MP: 7/7
   648 | D:2      | Learned a level 2 spell: Sticks to Snakes
   670 | D:2      | Reached XP level 3. HP: 28/28 MP: 7/9
   730 | D:2      | Reached skill level 5 in Spellcasting
   958 | D:2      | Reached skill level 1 in Invocations
  1749 | D:3      | Learned a level 3 spell: Spider Form
  1763 | D:3      | Reached skill level 1 in Short Blades
  1763 | D:3      | Reached skill level 1 in Long Blades
  1763 | D:3      | Reached skill level 1 in Axes
  1763 | D:3      | Reached skill level 1 in Maces & Flails
  1763 | D:3      | Reached skill level 1 in Polearms
  1763 | D:3      | Reached skill level 1 in Staves
  1763 | D:3      | Reached skill level 1 in Slings
  1763 | D:3      | Reached skill level 1 in Bows
  1763 | D:3      | Reached skill level 1 in Crossbows
  1763 | D:3      | Reached skill level 1 in Throwing
  1763 | D:3      | Reached skill level 1 in Armour
  1763 | D:3      | Reached skill level 1 in Stealth
  1763 | D:3      | Reached skill level 1 in Shields
  1763 | D:3      | Reached skill level 1 in Evocations
  1773 | D:3      | Reached XP level 4. HP: 28/34 MP: 11/11
  1793 | D:3      | Reached skill level 1 in Conjurations
  1793 | D:3      | Reached skill level 1 in Hexes
  1793 | D:3      | Reached skill level 1 in Charms
  1793 | D:3      | Reached skill level 1 in Summonings
  1793 | D:3      | Reached skill level 1 in Necromancy
  1793 | D:3      | Reached skill level 1 in Translocations
  1793 | D:3      | Reached skill level 1 in Fire Magic
  1793 | D:3      | Reached skill level 1 in Ice Magic
  1793 | D:3      | Reached skill level 1 in Air Magic
  1793 | D:3      | Reached skill level 1 in Earth Magic
  1793 | D:3      | Reached skill level 1 in Poison Magic
  1991 | D:3      | Reached XP level 5. HP: 18/40 MP: 7/12
  2655 | D:3      | Found a deep blue altar of Sif Muna.
  3177 | D:4      | Reached XP level 6. HP: 47/47 MP: 9/13
  3411 | D:4      | Reached skill level 5 in Dodging
  3808 | D:4      | Noticed a phantom
  3823 | D:4      | Killed a phantom
  3823 | D:4      | Reached XP level 7. HP: 36/52 MP: 15/15
  4121 | D:5      | Entered Level 5 of the Dungeon
  4649 | D:5      | Reached XP level 8. HP: 60/60 MP: 13/16
  4912 | D:5      | Noticed kae's ghost (novice HOFi)
  5321 | D:6      | Noticed empire's ghost (novice MiFi)
  6112 | D:7      | Reached XP level 9. HP: 66/66 MP: 14/18
  6126 | D:7      | Reached skill level 5 in Transmutations
  6625 | D:7      | Found a staircase to the Ecumenical Temple.
  6662 | Temple   | Entered the Ecumenical Temple
  6885 | Temple   | Became a worshipper of Warmaster Okawaru
  7001 | D:7      | Noticed a hornet
  7007 | D:7      | Killed a hornet
  7007 | D:7      | Reached skill level 5 in Fighting
  7009 | D:7      | Noticed a four-headed hydra
  7017 | D:7      | Killed a four-headed hydra
  7017 | D:7      | Reached * piety under Okawaru
  7017 | D:7      | Reached skill level 5 in Invocations
  7122 | D:7      | Found a runed door.
  7152 | D:7      | Reached XP level 10. HP: 53/74 MP: 11/20
  7794 | D:8      | Reached ** piety under Okawaru
  7802 | D:8      | Reached skill level 5 in Short Blades
  7802 | D:8      | Reached skill level 5 in Long Blades
  7802 | D:8      | Reached skill level 5 in Axes
  7802 | D:8      | Reached skill level 5 in Maces & Flails
  7802 | D:8      | Reached skill level 5 in Polearms
  7802 | D:8      | Reached skill level 5 in Staves
  7802 | D:8      | Reached skill level 5 in Slings
  7802 | D:8      | Reached skill level 5 in Bows
  7802 | D:8      | Reached skill level 5 in Crossbows
  7802 | D:8      | Reached skill level 5 in Throwing
  7802 | D:8      | Reached skill level 5 in Armour
  7802 | D:8      | Reached skill level 5 in Stealth
  7802 | D:8      | Reached skill level 5 in Shields
  7802 | D:8      | Reached skill level 5 in Evocations
  8042 | D:8      | Noticed Erica
  8093 | D:8      | Killed Erica
  8489 | D:8      | Learned a level 5 spell: Blade Hands
  8494 | D:8      | Learned a level 4 spell: Ice Form
  8725 | D:8      | Reached *** piety under Okawaru
  9137 | D:8      | Found an ornate altar of the Wu Jian Council.
  9137 | D:8      | Found a glowing golden altar of the Shining One.
  9142 | D:8      | Found a hazy altar of Hepliaklqana.
  9622 | D:9      | Received a gift from Okawaru
  9655 | D:9      | Noticed a sixfirhy
  9656 | D:9      | Found a runed door.
  9693 | D:9      | Found a staircase to the Lair.
  9704 | D:9      | Reached XP level 11. HP: 70/82 MP: 20/22
  9733 | D:9      | Reached **** piety under Okawaru
  9746 | D:9      | Received a gift from Okawaru
  9895 | D:9      | Noticed a two-headed ogre
 10380 | D:9      | Killed a two-headed ogre
 10380 | D:9      | Reached skill level 5 in Conjurations
 10380 | D:9      | Reached skill level 5 in Hexes
 10380 | D:9      | Reached skill level 5 in Charms
 10380 | D:9      | Reached skill level 5 in Summonings
 10380 | D:9      | Reached skill level 5 in Necromancy
 10380 | D:9      | Reached skill level 5 in Translocations
 10380 | D:9      | Reached skill level 5 in Fire Magic
 10380 | D:9      | Reached skill level 5 in Ice Magic
 10380 | D:9      | Reached skill level 5 in Air Magic
 10380 | D:9      | Reached skill level 5 in Earth Magic
 10380 | D:9      | Reached skill level 5 in Poison Magic
 10510 | D:9      | Noticed Gastronok
 10529 | D:9      | Killed Gastronok
 10529 | D:9      | Received a gift from Okawaru
 11060 | D:10     | Entered Level 10 of the Dungeon
 11178 | D:10     | Found Zifo's General Store.
 11516 | D:10     | Found Hothrecw's Distillery.
 11541 | D:10     | Bought a potion of lignification for 39 gold pieces
 11581 | D:10     | Found a staircase to the Orcish Mines.
 11602 | D:10     | Reached ***** piety under Okawaru
 12173 | D:10     | Found Agethuy's Armour Emporium.
 12277 | D:10     | Noticed a two-headed ogre
 12286 | D:10     | Killed a two-headed ogre
 12286 | D:10     | Reached XP level 12. HP: 60/91 MP: 14/24
 12798 | D:11     | Noticed Snorg
 13784 | D:11     | Killed Snorg
 14130 | Lair:1   | Entered Level 1 of the Lair of Beasts
 14167 | Lair:1   | Received a gift from Okawaru
 14987 | Lair:1   | Reached ****** piety under Okawaru
 15023 | Lair:1   | HP: 2/92 [komodo dragon (26)]
 15023 | Lair:1   | Mangled by a komodo dragon

Skill      XL: |  1  2  3  4  5  6  7  8  9 10 11 12 |
---------------+-------------------------------------+-----
Spellcasting   | 5 6 7 8 9 |  9.1
Invocations    | 1 2 3 4 5 6 7 8 |  8.2
Short Blades   | 1 2 3 4 5 6 7 |  7.4
Long Blades    | 1 2 3 4 5 6 7 |  7.4
Axes           | 1 2 3 4 5 6 7 |  7.4
Maces & Flails | 1 2 3 4 5 6 7 |  7.4
Polearms       | 1 2 3 4 5 6 7 |  7.4
Staves         | 1 2 3 4 5 6 7 |  7.4
Slings         | 1 2 3 4 5 6 7 |  7.4
Bows           | 1 2 3 4 5 6 7 |  7.4
Crossbows      | 1 2 3 4 5 6 7 |  7.4
Throwing       | 1 2 3 4 5 6 7 |  7.4
Armour         | 1 2 3 4 5 6 7 |  7.4
Stealth        | 1 2 3 4 5 6 7 |  7.4
Shields        | 1 2 3 4 5 6 7 |  7.4
Evocations     | 1 2 3 4 5 6 7 |  7.4
Conjurations   | 1 2 3 4 5 6 |  6.2
Hexes          | 1 2 3 4 5 6 |  6.2
Charms         | 1 2 3 4 5 6 |  6.2
Summonings     | 1 2 3 4 5 6 |  6.2
Necromancy     | 1 2 3 4 5 6 |  6.2
Translocations | 1 2 3 4 5 6 |  6.2
Fire Magic     | 1 2 3 4 5 6 |  6.2
Ice Magic      | 1 2 3 4 5 6 |  6.2
Air Magic      | 1 2 3 4 5 6 |  6.2
Earth Magic    | 1 2 3 4 5 6 |  6.2
Poison Magic   | 1 2 3 4 5 6 |  6.2
Fighting       | 3 4 5 6 7 |  7.9
Transmutations | 4 5 6 7 |  7.3
Dodging        | 5 6 7 8 |  8.8
Unarmed Combat | 7 8 9 |  9.9

Action                   |  1- 3 |  4- 6 |  7- 9 | 10-12 || total
-------------------------+-------+-------+-------+-------++-------
Melee: Unarmed           |   102 |   159 |   306 |   727 ||  1294
       Bite              |    11 |     5 |    14 |    51 ||    81
       Headbutt          |     6 |     1 |       |     6 ||    13
       Punch             |     3 |     2 |     5 |    22 ||    32
 Cast: Beastly Appendage |     9 |     2 |     1 |     3 ||    15
       Sticks to Snakes  |     2 |     1 |     5 |       ||     8
       Spider Form       |       |    12 |    21 |    37 ||    70
       Blade Hands       |       |       |       |    12 ||    12
       Ice Form          |       |       |       |     6 ||     6
Invok: Heroism           |       |       |       |     1 ||     1
  Use: Scroll            |       |       |    19 |     2 ||    21
       Potion            |       |       |     1 |     2 ||     3
 Stab: Sleeping          |     1 |     1 |     6 |    15 ||    23
       Distracted        |       |       |     1 |     1 ||     2
  Eat: Chunk             |     2 |     8 |    11 |    19 ||    40
       Ration            |       |       |       |     4 ||     4
Armor: Robe              |    20 |     8 |    14 |    35 ||    77
       Skin              |       |     2 |     3 |    11 ||    16
Dodge: Dodged            |    56 |   105 |   293 |   730 ||  1184
